 Dungeon Crawl Stone Soup version 0.30-b1-2-g02819fbbbe (webtiles) character file.

Game seed: 3064351904687081439

227 loralnil the Chiller (level 5, 0/38 HPs)
             Began as a Draconian Ice Elementalist on May 7, 2023.
             Slain by a lemure (6 damage)
             ... led by Pikel
             ... on level 4 of the Dungeon.
             The game lasted 00:08:09 (3390 turns).

loralnil the Chiller (Draconian Ice Elementalist)   Turns: 3390, Time: 00:08:10

Health: 0/38       AC:  6    Str: 10    XL:     5   Next: 70%
Magic:  0/9        EV: 12    Int: 18    God:
Gold:   106        SH:  0    Dex: 11    Spells: 3/10 levels left

rFire   . . .        h - +0 dagger
rCold   . . .        (no shield)
rNeg    . . .        (body armour unavailable)
rPois   .            (helmet restricted)
rElec   .            d - +0 cloak
rCorr   .            (no gloves)
SInv    .            (no boots)
Will    .....        q - amulet of guardian spirit
Stlth   ++           (no ring)
HPRegen 0.26/turn    (no ring)
MPRegen 0.11/turn

%: guardian spirit
@: no status effects
A: AC +5, unfitting armour, cold-blooded
a: no special abilities


You were on level 4 of the Dungeon.
You visited 1 branch of the dungeon, and saw 4 of its levels.

You collected 158 gold pieces.
You spent 52 gold pieces at shops.

Inventory:

Hand Weapons
 h - a +0 dagger (weapon)
Armour
 d - a +0 cloak (worn)
Jewellery
 q - an amulet of guardian spirit (around neck)
Wands
 s - a wand of roots (7)
Scrolls
 b - a scroll of teleportation
 c - a scroll of poison
 f - a scroll of enchant weapon
 i - a scroll of blinking
 k - a scroll of fear
 l - a scroll of magic mapping {unknown}
 o - 2 scrolls of noise
 p - a scroll of silence {unknown}
 r - a scroll of brand weapon {unknown}
Potions
 a - a potion of magic
 e - a potion of might
 g - a potion of cancellation
 j - 2 potions of curing
 m - 2 potions of heal wounds
 n - a potion of haste


   Skills:
 - Level 1.7 Dodging
 + Level 3.2 Stealth
 + Level 3.2 Spellcasting
 * Level 5.7 Ice Magic


You had 3 spell levels left.
You knew the following spells:

 Your Spells              Type           Power      Damage    Failure   Level
a - Freeze                Ice            92%        1d9       1%          1
b - Frozen Ramparts       Ice            46%        1d7       4%          3
c - Ozocubu's Armour      Ice            23%        N/A       4%          3

Your spell library contained the following spells:

 Spells                   Type           Power      Damage    Failure   Level
 Beastly Appendage        Tmut           4%         N/A       16%         1
 Wereblood                Tmut           2%         N/A       24%         2
 Dazzling Flash           Conj/Hex       4%         N/A       43%         3
 Spider Form              Tmut/Pois      2%         N/A       43%         3
 Volatile Blastmotes      Fire/Tloc      4%         2d10      43%         3
 Summon Ice Beast         Ice/Summ       13%        N/A       43%         4
 Fulminant Prism          Conj/Hex       1%         3d5       85%         4
 Iskenderun's Mystic Bla  Conj/Tloc      2%         2d3       85%         4
 Lee's Rapid Deconstruct  Erth           1%         3d4*      99%         5
 Starburst                Conj/Fire      1%         6d3       100%        6


Dungeon Overview and Level Annotations

Branches:
Dungeon (4/15)
 Temple: D:4-7

Altars:
Ashenzari

Shops:
D:4 ?

Annotations:
D:4 Pikel


Innate Abilities, Weirdness & Mutations

Your plain brown scales are hard. (AC +5)
You cannot fit into any form of body armour.
You are cold-blooded and may be slowed by cold attacks.


Message History

Press: ? - help, Shift-Dir - straight line, f - lemure
Aim: a lemure (heavily wounded)
You freeze the lemure!
The lemure is almost dead.
The lemure hits you.
* * * LOW HITPOINT WARNING * * *
The lemure attacks as you move away! The lemure closely misses you.
You hear the hiss of a very distant avalanche of sand.
Casting: Freeze (safe; 1% risk of failure)
Confirm with . or Enter, or press ? or * to list all spells.
Aiming: Freeze (safe; 1% risk of failure)
Press: ? - help, Shift-Dir - straight line, f/p - lemure
Aim: a lemure (almost dead)
You miscast Freeze.
You are very lightly contaminated with residual magic.
Nothing appears to happen.
The lemure hits you but does no damage.
You barely miss the lemure.
You tail-slap the lemure, but do no damage.
The lemure is almost dead.
The lemure closely misses you.
You closely miss the lemure.
The lemure is almost dead.
The lemure hits you.
* * * LOW HITPOINT WARNING * * *
The lemure attacks as you move away! The lemure hits you!
* * * LOW HITPOINT WARNING * * *
The lemure attacks as you move away! The lemure barely misses you.
The lemure attacks as you move away! The lemure hits you but does no damage.
Your magical contamination has completely faded away.
The lemure attacks as you move away! The lemure closely misses you.
Casting: Freeze (safe; 1% risk of failure)
Confirm with . or Enter, or press ? or * to list all spells.
Aiming: Freeze (safe; 1% risk of failure)
Press: ? - help, Shift-Dir - straight line, f/p - lemure
Aim: a lemure (almost dead)
You freeze the lemure.
The lemure is almost dead.
The lemure hits you but does no damage. The lemure attacks as you move away!
The lemure hits you.
You die...

#####........#
...##.#.#.#..#
#...........#
#..#.#.#†#..#
#..#........#
#.#####....#.#.#.##
.................#
#######5#....#####
#@###### #.# #.#
#.#
###########.######
#..................
#.#######....######
#.# #....# #.#
#....#


You could see a lemure.

Vanquished Creatures
  3 lemures (D:4)
  An orc priest (D:3)
  Jessica (D:2)
  Natasha (twice) (D:2)
  Robin (D:3)
  An adder (D:2)
  2 worms
  3 dart slugs
  10 orcs (D:3)
  6 ball pythons
  3 endoplasms
  5 giant cockroaches
  14 goblins
  8 hobgoblins
  2 jackals (D:4)
  2 quokkas
  3 bats
  5 frilled lizards
  4 kobolds
  6 rats
82 creatures vanquished.

Notes
Turn   | Place    | Note
-------+----------+-------------------------------------------
     0 | D:1      | loralnil the Draconian Ice Elementalist began the quest for
                  | the Orb.
     0 | D:1      | Reached XP level 1. HP: 14/14 MP: 3/3
     6 | D:1      | Noticed a komodo dragon
     6 | D:1      | Noticed a hound
     7 | D:1      | Noticed a wyvern
     7 | D:1      | Noticed an anaconda
   350 | D:1      | Reached XP level 2. HP: 17/20 MP: 1/5
   638 | D:1      | Found a faded altar of an unknown god.
   976 | D:2      | Reached XP level 3. HP: 21/26 MP: 3/6
  1312 | D:2      | Learned a level 3 spell: Frozen Ramparts
  1474 | D:2      | Noticed Natasha
  1481 | D:2      | Killed Natasha
  1482 | D:2      | Reached XP level 4. HP: 16/33 MP: 2/7
  1552 | D:2      | Learned a level 3 spell: Ozocubu's Armour
  1602 | D:2      | Noticed Jessica
  1610 | D:2      | Killed Jessica
  1611 | D:2      | Reached skill level 5 in Ice Magic
  1971 | D:2      | Noticed Natasha
  1978 | D:2      | Killed Natasha
  2149 | D:3      | Reached XP level 5. HP: 38/38 MP: 3/9
  2413 | D:3      | Found a broken altar of Ashenzari.
  2606 | D:3      | Noticed Robin
  2623 | D:3      | Killed Robin
  3066 | D:4      | Found Luad's Magic Scroll Shop.
  3085 | D:4      | Bought a scroll of identify for 26 gold pieces
  3085 | D:4      | Bought a scroll of identify for 26 gold pieces
  3236 | D:4      | Noticed Pikel
  3236 | D:4      | Noticed a lemure
  3236 | D:4      | Noticed a lemure
  3250 | D:4      | Killed a lemure
  3319 | D:4      | Noticed a lemure
  3328 | D:4      | Killed a lemure
  3331 | D:4      | Noticed a lemure
  3363 | D:4      | Killed a lemure
  3390 | D:4      | Slain by a lemure

Illustrated notes

Levels and vault maps discovered:
D:1:      onia_arrival_zoo_common, layout_loops_ring,
          chequers_ecumenical_altar_twisty, minmay_liquid_box
D:2:      minmay_razor_zed, layout_loops_ring, uniq_natasha, uniq_jessica
D:3:      layout_basic, mainiacjoe_overflow_paths, uniq_robin
D:4:      layout_basic, mainiacjoe_overflow_six_doors_small, serial_shops, shop,
          enter_ossuary_1, gammafunk_ghost_grave, serial_co_window_serial,
          co_window_of_opportunity_a, co_window_paths_b, co_window_paths_a,
          co_window_cross_1, co_window_corner_a, co_window_cross_4,
          co_window_cross_3, co_window_unsneaky_path_a, co_window_corner_ca,
          glass_columns_c, glass_columns_a, glass_columns_a, glass_columns_b,
          uniq_pikel

Skill      XL: |  1  2  3  4  5 |
---------------+----------------+-----
Stealth        | 2 3 |  3.2
Ice Magic      | 5 |  5.7
Spellcasting   | 3 |  3.2
Dodging        | |  1.7

Action                     |  1- 3 |  4- 6 || total
---------------------------+-------+-------++-------
  Melee: Unarmed           |     8 |       ||     8
         Tailslap          |     8 |     7 ||    15
         Mace              |    20 |       ||    20
         Punch             |     1 |     1 ||     2
         Dagger            |    11 |    47 ||    58
   Cast: Freeze            |    30 |    64 ||    94
         Frozen Ramparts   |       |     4 ||     4
    Use: Scroll            |       |    12 ||    12
   Stab: Sleeping          |     2 |       ||     2
 Armour: Skin              |     9 |    44 ||    53
  Dodge: Dodged            |    43 |    49 ||    92
